 Dungeon Crawl Stone Soup version 0.28-a0-794-gafe8c5f9e9 (webtiles) character file.

Game seed: 8340282711845960475

156746 frimble the Blocker (level 17, 0/264 HPs)
             Began as a Troll Warper on Nov 5, 2021.
             Was the Champion of Cheibriados.
             Slain by a bone dragon (12 damage)
             ... on level 3 of the Abyss.
             The game lasted 00:44:19 (23995 turns).

frimble the Blocker (Troll Warper)                 Turns: 23995, Time: 00:44:19

Health: 0/264      AC: 14    Str: 38    XL:     17   Next: 11%
Magic:  23/23      EV: 19    Int: 34    God:    Cheibriados [******]
Gold:   4643       SH: 22    Dex: 26    Spells: 9/18 levels left

rFire   x . .      SeeInvis .     - Unarmed
rCold   . . .      Faith    .   A - +3 kite shield of the Slightly Bent {Int+5 Dex+4}
rNeg    . . .      Spirit   .   G - +4 troll leather armour
rPois   +          Reflect  +   k - +2 hat of Ogeucw {rPois rF- Stlth+}
rElec   .          Harm     .   p - +1 cloak
rCorr   .          Rampage  .   (gloves unavailable)
Will    +....                   (boots unavailable)
Stlth   ..........              t - amulet of reflection
HPRegen 0.00/turn               y - +4 ring of evasion
MPRegen 0.18/turn               M - ring of wizardry

@: berserking (expiring), sick, very slow
A: large, unfitting armour, claws 3, regeneration 1, shaggy fur 1, tough skin 1,
[clumsy 1]
a: Renounce Religion, Bend Time, Temporal Distortion, Slouch, Step From Time


You were on level 3 of the Abyss.
You worshipped Cheibriados.
Cheibriados was exalted by your worship.
You visited 5 branches of the dungeon, and saw 25 of its levels.
You visited the Abyss 2 times.
You also visited: Bailey, Gauntlet and Ice Cave.

You collected 4643 gold pieces.

Inventory:

Missiles
 c - 5 boomerangs of dispersal
 d - 82 boomerangs (quivered)
 D - 14 large rocks
 K - 8 javelins
Armour
 b - a +1 hat of willpower
 k - the +2 hat of Ogeucw (worn) {rPois rF- Stlth+}
   (You found it in a Gauntlet)

   rF:        It makes you vulnerable to fire.
   rPois:     It protects you from poison.
   Stlth:     It makes you more stealthy.
 p - a +1 cloak (worn)
 w - a +1 tower shield of fire resistance
 A - the +3 kite shield of the Slightly Bent (worn) {Int+5 Dex+4}
   (You found it on level 7 of the Dungeon)

   Int:       It affects your intelligence (+5).
   Dex:       It affects your dexterity (+4).
 G - a +4 troll leather armour (worn)
Jewellery
 r - a ring of resist corrosion
 s - a ring of magical power
 t - an amulet of reflection (around neck)
 v - a ring of fire
 y - a +4 ring of evasion (left claw)
 M - a ring of wizardry (right claw)
 R - an amulet of magic regeneration
 T - a ring of poison resistance
 W - a ring of ice
 X - a ring of protection from fire
Wands
 a - a wand of flame (39)
 e - a wand of polymorph (30)
 l - a wand of mindburst (54)
 z - a wand of acid (2)
 C - a wand of iceblast (42)
 P - a wand of charming (16)
Scrolls
 g - 3 scrolls of vulnerability
 o - 4 scrolls of enchant weapon
 q - 5 scrolls of teleportation
 L - 3 scrolls of fear
 N - 5 scrolls of fog
 O - 4 scrolls of blinking
 Q - 7 scrolls of amnesia
 S - 6 scrolls of identify
 U - 4 scrolls of magic mapping
 Y - 2 scrolls of brand weapon
 Z - a scroll of silence
Potions
 f - 2 potions of flight
 h - 7 potions of curing
 i - 5 potions of might
 j - 11 potions of heal wounds
 m - 3 potions of lignification
 n - 5 potions of ambrosia
 u - 5 potions of resistance
 x - 2 potions of cancellation
 B - 2 potions of haste
 E - 3 potions of invisibility
 F - 5 potions of magic
 H - 5 potions of brilliance
 I - 6 potions of mutation
 V - 2 potions of berserk rage
Miscellaneous
 J - a tin of tremorstones (2/2)


   Skills:
 - Level 13.0 Fighting
 - Level 8.2 Throwing
 - Level 2.0 Armour
 - Level 7.0 Dodging
 + Level 13.2 Shields
 - Level 11.0 Unarmed Combat
 - Level 1.2 Spellcasting
 - Level 7.2 Translocations
 - Level 10.0 Invocations
 - Level 5.5 Evocations


You had 9 spell levels left.
You knew the following spells:

 Your Spells              Type           Power      Damage    Failure   Level
a - Blink                 Tloc           100%       N/A       1%          2
b - Apportation           Tloc           100%       N/A       1%          1
c - Statue Form           Tmut/Erth      1%         N/A       98%         6

Your spell library contained the following spells:

 Spells                   Type           Power      Damage    Failure   Level
 Gell's Gravitas          Tloc           51%        N/A       1%          3
 Lesser Beckoning         Tloc           51%        N/A       1%          3
 Teleport Other           Tloc           51%        N/A       1%          3
 Passage of Golubria      Tloc           51%        N/A       1%          4
 Beastly Appendage        Tmut           4%         N/A       2%          1
 Pain                     Necr           8%         1d4       2%          1
 Sandblast                Erth           4%         2d4       2%          1
 Corpse Rot               Necr/Air       4%         N/A       4%          2
 Passwall                 Tmut/Erth      1%         N/A       4%          2
 Wereblood                Tmut           2%         N/A       4%          2
 Manifold Assault         Tloc           51%        N/A       4%          5
 Dazzling Flash           Conj/Hex       4%         N/A       9%          3
 Ignite Poison            Fire/Tmut/Pois 2%         N/A       9%          3
 Inner Flame              Hex/Fire       2%         N/A       9%          3
 Mephitic Cloud           Conj/Pois/Air  2%         N/A       9%          3
 Spider Form              Tmut/Pois      2%         N/A       9%          3
 Stone Arrow              Conj/Erth      4%         3d7       9%          3
 Tukima's Dance           Hex            2%         N/A       9%          3
 Dispersal                Tloc           25%        N/A       21%         6
 Dispel Undead            Necr           2%         3d7       26%         4
 Leda's Liquefaction      Hex/Erth       1%         N/A       26%         4
 Agony                    Necr           2%         N/A       58%         5
 Alistair's Intoxication  Tmut/Pois      1%         N/A       58%         5
 Excruciating Wounds      Necr           1%         N/A       58%         5
 Freezing Cloud           Conj/Ice/Air   1%         6-21      58%         5
 Lee's Rapid Deconstruct  Erth           1%         3d5*      58%         5
 Silence                  Hex/Air        1%         N/A       58%         5
 Yara's Violent Unravell  Hex/Tmut       1%         3d3       58%         5
 Death Channel            Necr           1%         N/A       98%         6
 Invisibility             Hex            1%         N/A       98%         6
 Storm Form               Tmut/Air       1%         N/A       100%        7


Dungeon Overview and Level Annotations

Branches:
Dungeon (15/15)            Temple (1/1) D:5            Lair (6/6) D:9
  Swamp (0/4) Lair:4       Spider (1/4) Lair:3        Slime (0/5) Lair:6
    Orc (2/2) D:10            Elf (0/3) Orc:2        Vaults (0/5) D:14
 Depths (0/4) D:15         Bailey (visited)           IceCv (visited)
Gauntlet (visited)

Altars:
Cheibriados
Elyvilon
Fedhas
Gozag
Hepliaklqana
Makhleb
Nemelex Xobeh
Ru
Sif Muna
Trog
Uskayaw
Xom
The Shining One
Beogh
Jiyva

Shops:
D:4 :   Orc:2 ([([

Annotations:
D:12 3 runed translucent doors, bjtr's ghost, journeyman HuCj
Spider:1 Louise


Innate Abilities, Weirdness & Mutations

You are too large for most types of armour.
You have claws for hands.
Your natural rate of healing is unusually fast.
You are covered in fur. (AC +1)
You have tough skin. (AC +1)
[You are clumsy. (Dex -2)]


Message History

The tormentor calls on the powers of darkness!
Your body is wracked with pain!
You block the dread lich's attack.
You claw the dread lich!
The dread lich is severely damaged.
A small abomination comes into view.
You block the dread lich's attack.
You mangle the dread lich!!
The dread lich is almost destroyed.
The dread lich touches you!
You feel drained.
You barely miss the dread lich.
The dread lich is almost destroyed.
The tormentor shouts, "I'll tear you apart!"
The tormentor calls on the powers of darkness!
Your body is wracked with pain!
* * * LOW HITPOINT WARNING * * *
The dread lich gestures wildly while chanting.
You feel ill.
You eviscerate the dread lich!!!
You destroy the dread lich!
Cheibriados thoroughly appreciates the change of pace.
The Executioner disappears in a puff of smoke!
The tormentor calls on the powers of darkness!
Your body is wracked with pain!
* * * LOW HITPOINT WARNING * * *
You feel the corruption within you wane somewhat.
You feel clever.
You feel agile.
You feel clever.
Your life force feels restored.
Your Shields skill increases to level 13!
You claw the bone dragon!
The bone dragon is lightly damaged.
You claw the bone dragon!
The bone dragon is lightly damaged.
The bone dragon bites you!!
* * * LOW HITPOINT WARNING * * *
You block the bone dragon's attack.
The bone dragon tramples you but does no damage.
You claw the bone dragon!
The bone dragon is moderately damaged.
The bone dragon bites you!
You die...

##### ###.≈.
###.##.# ##
###.##.##§##.##$
#.≈...@Dx..8..
##)##x##2##≈##.
## #. ## .≈
##.## #§ §§. #.#


You could see a bone dragon, an ancient zyme, a tormentor and a small
abomination.

Vanquished Creatures
  A dread lich (Abyss:3)
  A bone dragon (Abyss:3)
  A shard shrike zombie (Abyss:3)
  A frost giant (IceCv)
  A juggernaut zombie (D:15)
  An orc warlord (Orc:2)
  An ironbound preserver (D:14)
  A minotaur (Gauntlet)
  Snorg (D:13)
  Fannar (Orc:1)
  A rakshasa (D:15)
  11 hydras
  A hell beast (Gauntlet)
  2 ogre magi
  4 boulder beetles
  2 death knights
  A catoblepas (D:15)
  12 two-headed ogres
  5 centaur warriors
  3 orc high priests (Orc:2)
  A thrashing horror (Abyss:3)
  A tengu warrior (D:14)
  Urug (Lair:5)
  20 death yaks
  A vampire mage (D:15)
  Sonja (Lair:6)
  A spatial maelstrom (Abyss:3)
  A wretched star (Abyss:3)
  A sixfirhy (Abyss:3)
  A golden dragon zombie (D:15)
  3 skeletal warriors
  3 wizards
  A golden dragon skeleton (D:15)
  A phantasmal warrior (D:15)
  A lindwurm (Lair:6)
  4 orc knights
  An orc sorcerer (Orc:2)
  A necromancer (D:15)
  5 deep elf pyromancers
  3 wolf spiders
  3 elephants (Lair:6)
  3 manticores
  Maurice (D:12)
  A guardian serpent (Lair:6)
  An apocalypse crab (Abyss:3)
  3 cyclopes
  10 black mambas
  A gargoyle (D:13)
  An ice statue (IceCv)
  18 cane toads
  2 kobold demonologists (D:14)
  3 freezing wraiths
  An unseen horror (D:11)
  Maggie (D:6)
  2 minotaur zombies (Gauntlet)
  4 orange demons (D:10)
  6 rime drakes
  2 ice devils (D:12)
  7 komodo dragons
  A yaktaur (D:15)
  3 tengu conjurers (D:14)
  2 red devils (D:10)
  10 trolls
  A silent spectre (Abyss:4)
  A queen bee (Lair:2)
  8 slime creatures
  2 hornets (Lair:6)
  17 polar bears
  3 raiju
  Sigmund (D:3)
  A centaur simulacrum (D:12)
  4 large abominations (Abyss:3)
  A shadow (D:8)
  A vampire (D:12)
  2 redbacks
  An ettin skeleton (D:15)
  A fire bat (Abyss:3)
  2 tarantellas (Spider:1)
  29 yaks
  16 wyverns
  3 basilisks
  A fire elemental (Lair:5)
  6 wraiths
  Grum (Lair:1)
  9 vampire mosquitoes
  A steam dragon (D:6)
  2 small abominations (Abyss:3)
  A spatial vortex (Abyss:3)
  2 swamp worms (Gauntlet)
  4 acid dragons
  7 wargs
  24 water moccasins
  Duvessa (D:5)
  15 hell hounds (Lair:6)
  A swamp drake (D:10)
  A hornet zombie (D:9)
  An ice beast (D:6)
  A sky beast (D:5)
  12 black bears
  A black bear (shapeshifter) (D:14)
  A boggart (D:14)
  36 orc warriors
  A necrophage (D:4)
  10 ogres
  45 wolves
  3 centaurs
  2 phantoms (D:6)
  4 kobold brigands
  4 gnoll sergeants
  17 bullfrogs
  A scorpion (D:4)
  A water moccasin zombie (D:4)
  Dowan (D:5)
  A hornet simulacrum (D:15)
  42 killer bees
  An electric eel (D:10)
  3 howler monkeys (D:5)
  5 crimson imps (Abyss:2)
  3 centaur zombies
  2 jellies
  6 hounds
  2 gnoll shamans
  20 orc priests
  A bullfrog skeleton (D:5)
  A hell rat (Lair:2)
  6 iguanas
  30 orc wizards
  Ijyb (D:3)
  A killer bee zombie (D:6)
  A howler monkey zombie (D:8)
  Robin (D:3)
  43 gnolls
  A howler monkey skeleton (D:4)
  4 adders
  A river rat (Lair:2)
  3 shadow imps
  5 white imps
  An ufetubus (D:7)
  A worm (D:2)
  2 dart slugs
  122 orcs
  3 bats
  11 endoplasms
  3 giant cockroaches
  9 goblins
  15 hobgoblins
  16 jackals (D:5)
  33 kobolds
  2 quokkas
  8 ball pythons
  9 frilled lizards
  10 rats
930 creatures vanquished.

Vanquished Creatures (others)
  2 orc wizards (D:10)
  2 kobolds (D:14)
  53 fungi
  117 plants
  12 withered plants
186 creatures vanquished.

Grand Total: 1116 creatures vanquished

Notes
Turn   | Place    | Note
-------+----------+-------------------------------------------
     0 | D:1      | frimble the Troll Warper began the quest for the Orb.
     0 | D:1      | Reached XP level 1. HP: 19/19 MP: 1/1
    48 | D:1      | Reached skill level 1 in Throwing
    84 | D:1      | Found a faded altar of an unknown god.
   105 | D:1      | Reached XP level 2. HP: 26/28 MP: 2/2
   528 | D:2      | Reached XP level 3. HP: 35/35 MP: 3/3
   563 | D:2      | Learned a level 2 spell: Blink
  1203 | D:2      | Identified a scroll of acquirement
  1203 | D:2      | Acquired 1123 gold pieces
  1264 | D:3      | Noticed Robin
  1293 | D:3      | Killed Robin
  1294 | D:3      | Reached XP level 4. HP: 40/42 MP: 4/4
  1508 | D:3      | Noticed Sigmund
  1511 | D:3      | Acquired 775 gold pieces
  1515 | D:3      | Killed Sigmund
  1516 | D:3      | Reached XP level 5. HP: 39/52 MP: 5/5
  1702 | D:3      | Reached XP level 6. HP: 58/59 MP: 6/6
  1821 | D:3      | Noticed Ijyb
  1844 | D:3      | Killed Ijyb
  2500 | D:4      | Reached XP level 7. HP: 58/67 MP: 7/7
  2515 | D:4      | Found Hitex's Book Emporium.
  3102 | D:5      | Entered Level 5 of the Dungeon
  3113 | D:5      | Noticed a two-headed ogre
  3125 | D:5      | Killed a two-headed ogre
  3126 | D:5      | Reached skill level 5 in Unarmed Combat
  3126 | D:5      | Reached XP level 8. HP: 79/79 MP: 8/8
  3434 | D:5      | Reached skill level 5 in Throwing
  3500 | D:5      | Reached skill level 5 in Fighting
  3727 | D:5      | Acquired a +1 tower shield of fire resistance
  3812 | D:5      | Found a staircase to the Ecumenical Temple.
  4010 | D:5      | Reached skill level 1 in Shields
  4010 | D:5      | Reached skill level 5 in Translocations
  4010 | D:5      | Reached XP level 9. HP: 85/88 MP: 9/9
  4369 | D:6      | Noticed Maggie
  4404 | D:6      | Noticed Dowan
  4405 | D:6      | Noticed Duvessa
  4488 | D:5      | Killed Duvessa
  4498 | D:5      | Killed Dowan
  4823 | D:6      | Killed Maggie
  5085 | D:6      | Found a hazy altar of Hepliaklqana.
  5582 | D:7      | Identified the +3 kite shield of the Slightly Bent {Int+5
                  | Dex+4}
  6078 | D:8      | Reached XP level 10. HP: 84/100 MP: 10/10
  6363 | D:8      | Reached skill level 1 in Evocations
  7020 | D:9      | Reached skill level 5 in Shields
  7047 | D:9      | Noticed a manticore
  7060 | D:9      | Killed a manticore
  7512 | D:9      | Found a staircase to the Lair.
  7796 | D:9      | Noticed a two-headed ogre
  7803 | D:9      | Killed a two-headed ogre
  8014 | D:10     | Entered Level 10 of the Dungeon
  8199 | D:10     | Noticed an orange demon
  8201 | D:10     | Noticed an orange demon
  8202 | D:10     | Noticed an orange demon
  8208 | D:10     | Killed an orange demon
  8209 | D:10     | Reached XP level 11. HP: 100/109 MP: 11/11
  8327 | D:10     | Identified the +1 ring mail of the Special Cities {*Corrode
                  | rF- rC++ Int+2}
  8358 | D:11     | Noticed a two-headed ogre
  8380 | D:10     | Reached skill level 5 in Evocations
  8388 | D:10     | Killed a two-headed ogre
  9309 | D:10     | Found a staircase to the Orcish Mines.
  9837 | D:11     | Noticed a death knight
  9901 | D:12     | Noticed a deep elf pyromancer
  9911 | D:12     | Killed a deep elf pyromancer
  9912 | D:12     | Reached skill level 1 in Armour
  9947 | D:12     | Found a flagged portal.
  9970 | Bailey   | Entered a bailey
 10133 | Bailey   | Reached XP level 12. HP: 118/118 MP: 12/12
 10286 | D:12     | Found a frozen archway.
 10331 | IceCv    | Entered an ice cave
 10364 | IceCv    | Learned a level 1 spell: Apportation
 10376 | IceCv    | Noticed a death yak
 10377 | IceCv    | Noticed a death yak
 10414 | IceCv    | Killed a death yak
 10418 | IceCv    | Killed a death yak
 10423 | IceCv    | Reached XP level 13. HP: 83/124 MP: 11/13
 10554 | IceCv    | Reached XP level 14. HP: 133/133 MP: 14/14
 10851 | IceCv    | Noticed a frost giant
 10865 | IceCv    | Killed a frost giant
 10866 | IceCv    | Reached skill level 10 in Unarmed Combat
 11445 | D:12     | Found a runed translucent gate.
 11445 | D:12     | Found a runed translucent gate.
 11445 | D:12     | Found a runed translucent gate.
 11446 | D:12     | Noticed bjtr's ghost (journeyman HuCj)
 11541 | D:12     | Noticed Maurice
 11545 | D:12     | Killed Maurice
 11607 | D:12     | Acquired a +1 hat of willpower
 12157 | Temple   | Entered the Ecumenical Temple
 12182 | Temple   | Became a worshipper of Cheibriados the Contemplative
 12299 | Lair:1   | Entered Level 1 of the Lair of Beasts
 12440 | Lair:1   | Reached skill level 1 in Invocations
 12539 | Lair:1   | Noticed Grum
 12570 | Lair:1   | Killed Grum
 13184 | Lair:2   | Reached * piety under Cheibriados
 13300 | Lair:2   | Reached ** piety under Cheibriados
 13707 | Lair:2   | Reached *** piety under Cheibriados
 14229 | Lair:2   | Reached skill level 10 in Fighting
 14542 | Lair:3   | Found a hole to the Spider Nest.
 14578 | Lair:3   | Found a gate leading to a gauntlet.
 14588 | Gauntlet | Entered a Gauntlet
 14588 | Gauntlet | Found a transporter.
 14602 | Gauntlet | Found a transporter.
 14617 | Gauntlet | Found a transporter.
 14619 | Gauntlet | Found a large runed translucent door.
 14619 | Gauntlet | Found a large runed translucent door.
 14620 | Gauntlet | Found a large runed translucent door.
 14620 | Gauntlet | Found a large runed translucent door.
 14621 | Gauntlet | Found a large runed translucent door.
 14621 | Gauntlet | Found a large runed translucent door.
 14621 | Gauntlet | Found a runed translucent door.
 14621 | Gauntlet | Found a runed translucent door.
 14621 | Gauntlet | Found a large runed translucent door.
 14622 | Gauntlet | Found a transporter.
 14641 | Gauntlet | Found a transporter.
 14652 | Gauntlet | Found a large runed translucent door.
 14653 | Gauntlet | Found a large runed translucent door.
 14654 | Gauntlet | Found a large runed translucent door.
 14654 | Gauntlet | Found a large runed translucent door.
 14655 | Gauntlet | Found a runed translucent gate.
 14656 | Gauntlet | Found a transporter.
 14656 | Gauntlet | Found a runed translucent gate.
 14657 | Gauntlet | Found a runed translucent gate.
 14658 | Gauntlet | Found a large runed translucent door.
 14658 | Gauntlet | Found a large runed translucent door.
 14659 | Gauntlet | Found a large runed translucent door.
 14660 | Gauntlet | Found a large runed translucent door.
 14668 | Gauntlet | Found a transporter.
 14670 | Gauntlet | Found a large runed translucent door.
 14674 | Gauntlet | Found a transporter.
 14689 | Gauntlet | Found a transporter.
 14697 | Gauntlet | Found a transporter.
 14714 | Gauntlet | Found a transporter.
 14726 | Gauntlet | Found a transporter.
 14743 | Gauntlet | Found a transporter.
 14761 | Gauntlet | Found a transporter.
 14763 | Gauntlet | Found a transporter.
 14788 | Gauntlet | Found a transporter.
 14790 | Gauntlet | Found a transporter.
 14869 | Gauntlet | Reached skill level 5 in Invocations
 14876 | Gauntlet | Got Sif Muna's Reference Book on Dusty Enchantment
 14935 | Gauntlet | Identified the +2 hat of Ogeucw {rPois rF- Stlth+}
 14952 | Gauntlet | Reached **** piety under Cheibriados
 14953 | Gauntlet | Reached XP level 15. HP: 149/149 MP: 17/17
 15420 | Lair:3   | You fall into a shaft and drop 1 floor!
 15550 | Lair:3   | Identified the +1 hand axe of Bionih {pain, Will+ Str+2
                  | Dex-4}
 15854 | Lair:4   | Reached ***** piety under Cheibriados
 15910 | Lair:4   | Found a staircase to the Swamp.
 16639 | Lair:5   | Noticed Urug
 16646 | Lair:5   | Killed Urug
 17130 | Lair:6   | Entered Level 6 of the Lair of Beasts
 17185 | Lair:6   | Found a staircase to the Slime Pits.
 17185 | Lair:6   | Found a viscous altar of Jiyva.
 17193 | Lair:6   | Noticed Sonja
 17217 | Lair:6   | Killed Sonja
 17513 | Lair:6   | Paralysed by a hornet for 1 turns
 17994 | Lair:6   | Reached ****** piety under Cheibriados
 18707 | Lair:6   | Identified the +2 ring mail "Diedicorea" {Int+2}
 18934 | Orc:1    | Entered Level 1 of the Orcish Mines
 18937 | Orc:1    | Noticed Fannar
 18946 | Orc:1    | Killed Fannar
 18947 | Orc:1    | Reached XP level 16. HP: 121/167 MP: 11/22
 19201 | Orc:2    | Entered Level 2 of the Orcish Mines
 19351 | Orc:2    | Reached skill level 10 in Invocations
 19534 | Orc:2    | Found Rovimav's Weapon Shoppe.
 19713 | Orc:2    | Found Behette's Armour Emporium.
 19829 | Orc:2    | Found a staircase to the Elven Halls.
 19961 | Orc:2    | Found Itwur's Antique Weapon Shoppe.
 19963 | Orc:2    | Found Qepef's Antique Armour Emporium.
 20929 | D:13     | You fall into a shaft and drop 2 floors!
 20929 | D:15     | Entered Level 15 of the Dungeon
 21122 | D:15     | Reached skill level 10 in Shields
 21179 | D:15     | Cast into level 2 of the Abyss (a wizard)
 21321 | Abyss:3  | Noticed a bone dragon
 21344 | Abyss:3  | Killed a bone dragon
 21373 | Abyss:4  | Found a corrupted altar of Lugonu.
 21396 | D:15     | Escaped the Abyss
 22238 | D:13     | Noticed Snorg
 22257 | D:13     | Killed Snorg
 22723 | D:14     | Found a gate to the Vaults.
 23435 | D:15     | Found a staircase to the Depths.
 23682 | D:15     | Learned a level 6 spell: Statue Form
 23871 | Spider:1 | Entered Level 1 of the Spider Nest
 23874 | Spider:1 | Noticed Louise
 23896 | Lair:3   | Reached XP level 17. HP: 140/176 MP: 23/23
 23912 | Spider:1 | Cast into level 2 of the Abyss (Louise)
 23912 | Abyss:2  | Found a corrupted altar of Lugonu.
 23977 | Abyss:3  | Noticed a dread lich
 23979 | Abyss:3  | Paralysed by a dread lich for 6 turns
 23981 | Abyss:3  | Noticed a bone dragon
 23992 | Abyss:3  | Killed a dread lich
 23994 | Abyss:3  | HP: 12/264 [bone dragon (19)]
 23995 | Abyss:3  | Slain by a bone dragon

Illustrated notes

Levels and vault maps discovered:
D:1:      minmay_arrival_stone_box, layout_rooms,
          chequers_ecumenical_altar_simple, minmay_rat_gold_closets
D:2:      layout_loops_corners
D:3:      layout_basic, minivault_25, dk_noncrumbling_2, minmay_lizard_king,
          uniq_sigmund, uniq_ijyb, uniq_robin
D:4:      layout_basic, serial_shops, shop, minivault_19
D:5:      lemuel_castle_with_subvaults [lemuel_castle_interior_carwin_2],
          layout_loops_ring, minmay_temple_entry_hall,
          kennysheep_generic_room_11
D:6:      layout_cave_pools, mainiacjoe_overflow_alcove_4, uniq_duvessa,
          uniq_maggie
D:7:      layout_layer_cave, serial_bayou_pond_d
D:8:      layout_loops_ring
D:9:      layout_layer_cave, david_lair_shrubbed
D:10:     layout_loops_ring, erik_orc_1, minivault_14,
          minmay_beelzebubs_servants
D:11:     layout_rooms
D:12:     layout_stronghold, gammafunk_ghost_necromancy,
          portal_ice_cave_demonic_guard, enter_bailey_6, drop_trap,
          minmay_mirror_moons_of_madness, uniq_maurice
D:13:     layout_layer_cave, uniq_snorg
D:14:     layout_gridville, skrybe_vaults_entry_preservation,
          serial_co_window_serial, co_window_paths_b, co_window_paths_b,
          co_window_paths_a, co_window_of_opportunity_a, co_window_corner_a,
          co_window_2corner, co_window_corner_b, co_window_cross_4,
          co_window_of_opportunity_c, co_window_2corner, glass_columns_b,
          ebering_dispersal_statue_hall
D:15:     gammafunk_depths_entry_grave, layout_rooms, hangedman_decor_points
Temple:   nicolae_temple_the_god_donut
Lair:1:   layout_roguey, infiniplex_staircase_pool_2, grunt_megastairs_5,
          uniq_grum
Lair:2:   regret_index_tunnel_blossom, layout_cellular_growth, serial_rivers,
          chequers_serial_rivers_large_b, chequers_serial_rivers_room_b,
          chequers_serial_rivers_room_a, chequers_serial_rivers_small_a,
          chequers_serial_rivers_small_3
Lair:3:   layout_loops_ring, spider_nest_entry_webs, gauntlet_entry_generic,
          grunt_megastairs_1, lemuel_fruit_tree
Lair:4:   layout_roguey, swamp_mist_pool, infiniplex_staircase_pool
Lair:5:   layout_gridlike, st_stairs_8, lemuel_fruit_fields, uniq_urug
Lair:6:   hangedman_lair_caniforms_friends, layout_regular_city,
          hangedman_lair_tendril_chambers, slime_altar_1, uniq_sonja
Spider:1: layout_spider_delve, nicolae_spider_webs_and_nodes, uniq_louise,
          uniq_nikola
Orc:1:    layout_caves, basic_altar, uniq_fannar
Orc:2:    grunt_orc_community_town_hall, layout_caves,
          grunt_orc_community_big_house_2, grunt_orc_community_big_house_2,
          grunt_orc_community_house_1, grunt_orc_community_house_3,
          grunt_orc_community_house_2, grunt_orc_community_house_1,
          grunt_orc_community_house_3, basic_altar
Abyss:3:  base: D:6, nicolae_abyss_rune_left_handed,
          hangedman_abyss_feature_spike, hangedman_abyss_rune_flesh_and_stone,
          base: D:13, hangedman_cross_veins,
          hangedman_grunt_abyss_rune_horror_hoard

Skill      XL: |  1  2  3  4  5  6  7  8  9 10 11 12 13 14 15 16 17 |
---------------+----------------------------------------------------+-----
Throwing       | 1 2 3 4 5 8 |  8.2
Fighting       | 2 3 4 5 6 7 10 12 13 | 13.0
Unarmed Combat | 3 4 5 6 7 8 9 11 | 11.0
Translocations | 3 4 5 6 7 |  7.2
Shields        | 1 4 6 8 12 13 | 13.2
Evocations     | 4 5 |  5.5
Armour         | 1 2 |  2.0
Dodging        | 7 |  7.0
Invocations    | 5 9 10 | 10.0
Spellcasting   | |  1.2

Action                   |  1- 3 |  4- 6 |  7- 9 | 10-12 | 13-15 | 16-18 || total
-------------------------+-------+-------+-------+-------+-------+-------++-------
Melee: Unarmed           |   130 |   120 |   440 |   612 |  1226 |   669 ||  3197
       Punch             |     1 |     2 |    16 |     8 |       |       ||    27
Throw: Throwing net      |       |       |     1 |       |       |       ||     1
       Boomerang         |       |       |    39 |   117 |   133 |   105 ||   394
 Cast: Blink             |       |     1 |     5 |    19 |    15 |     3 ||    43
       Apportation       |       |       |       |       |       |     6 ||     6
Invok: Slouch            |       |       |       |       |     6 |     7 ||    13
Evoke: Wand              |       |     3 |     1 |    20 |    11 |     9 ||    44
       Tin of tremorston |       |       |       |       |     2 |     2 ||     4
  Use: Scroll            |     2 |     4 |     7 |     9 |    10 |     6 ||    38
       Potion            |       |       |     2 |     2 |     3 |     3 ||    10
 Stab: Sleeping          |     1 |     1 |       |       |     1 |     1 ||     4
       Held in net/web   |       |       |     1 |       |       |       ||     1
       Petrified         |       |       |       |       |       |     6 ||     6
Armor: Robe              |    29 |    50 |   101 |       |       |       ||   180
       Steam dragon scal |       |       |    26 |   197 |       |       ||   223
       Troll leather arm |       |       |       |    33 |   228 |   125 ||   386
Dodge: Dodged            |    57 |    65 |   192 |   271 |   686 |   310 ||  1581
Block: Other             |       |       |   100 |   120 |       |       ||   220
       Reflection        |       |       |     5 |    14 |    10 |    35 ||    64
       Kite shield       |       |       |       |   207 |  1361 |   729 ||  2297

Table legend: (Time is in decaauts)
 A = Elapsed time spent in this place.
 B = Non-inter-level travel time spent in this place.
 C = Inter-level travel time spent in this place.
 D = Time resting spent in this place.
 E = Time spent auto-exploring this place.
 F = Levels seen in this place.
 G = Mean time per level.
                   A        B        C        D        E       F      G
               +--------+--------+--------+--------+--------+-----+--------+
         Total |  30936 |  28626 |   2310 |     50 |  21369 |  33 |  937.5 |
       Dungeon |  17162 |  15625 |   1537 |     42 |  11963 |  15 | 1144.1 |
        Temple |     42 |     18 |     24 |      0 |     10 |   1 |   42.0 |
          Lair |   9407 |   8828 |    579 |      8 |   7060 |   6 | 1567.8 |
   Spider Nest |     12 |     12 |      0 |      0 |      0 |   1 |   12.0 |
  Orcish Mines |   2312 |   2144 |    168 |      0 |   1546 |   2 | 1156.0 |
         Abyss |    426 |    426 |      0 |      0 |      0 |   5 |   85.2 |
        Bailey |    268 |    268 |      0 |      0 |    123 |   1 |  268.0 |
      Ice Cave |    687 |    687 |      0 |      0 |    317 |   1 |  687.0 |
      Gauntlet |    616 |    616 |      0 |      0 |    349 |   1 |  616.0 |
               +--------+--------+--------+--------+--------+-----+--------+

Top non-repeatable levels by time:
  Lair:6: 2341 daAuts
  Lair:2: 2095 daAuts
    D:13: 2009 daAuts
    D:10: 1773 daAuts
    D:14: 1763 daAuts
   Orc:2: 1625 daAuts
     D:5: 1419 daAuts
  Lair:3: 1392 daAuts
  Lair:4: 1321 daAuts
    D:12: 1306 daAuts
  Lair:5: 1237 daAuts
     D:9: 1145 daAuts
    D:15: 1107 daAuts
     D:4: 1030 daAuts
  Lair:1: 1019 daAuts
